 Dungeon Crawl Stone Soup version 0.25-a0-578-gc91f01c39c (webtiles) character file.

Game seed: 12991136233134349618, levelgen mode: deterministic

11648 Aggronaut the Fencer (level 11, -2/76 HPs)
             Began as a Demonspawn Monk on Mar 4, 2020.
             Was a Priest of Trog.
             Slain by a minotaur (10 damage)
             ... on level 11 of the Dungeon.
             The game lasted 00:45:23 (14138 turns).

Aggronaut the Fencer (Demonspawn Monk)             Turns: 14138, Time: 00:45:23

Health: -2/76      AC:  7    Str: 15    XL:     11   Next: 52%
Magic:  11/11      EV: 15    Int: 11    God:    Trog [***...]
Gold:   341        SH:  0    Dex: 25    Spells: 10/10 levels left

rFire    + + .     SeeInvis .   I - +3 triple sword of Ivutolol {flame, Dex+6}
rCold    . . .     Gourm    .   (shield currently unavailable)
rNeg     . . .     Faith    .   D - +2 leather armour {rF+}
rPois    .         Spirit   .   (helmet unavailable)
rElec    .         Reflect  .   a - scarf {repulsion}
rCorr    .         Harm     .   (no gloves)
MR       .....                  (no boots)
Stlth    ++........             (no amulet)
HPRegen  0.22/turn              b - ring of protection from fire
MPRegen  0.12/turn              q - +3 ring of dexterity

@: hasted, repel missiles, very quick
A: horns 3, icy blue scales 1, demonic guardian 1, rot immunity
a: Berserk, Trog's Hand, Renounce Religion


You were on level 11 of the Dungeon.
You worshipped Trog.
Trog was most pleased with you.
You were not hungry.

You visited 2 branches of the dungeon, and saw 12 of its levels.

You collected 627 gold pieces.
You spent 286 gold pieces at shops.

Inventory:

Hand Weapons
 I - the +3 triple sword of Ivutolol (weapon) {flame, Dex+6}
   (Trog gifted it to you on level 8 of the Dungeon)

   It has been specially enchanted to burn those struck by it, causing extra
   injury to most foes and up to half again as much damage against particularly
   susceptible opponents.
   Big, fiery blades are also staple armaments of hydra-hunters.
   It affects your dexterity (+6).
Missiles
 o - 38 poisoned darts (quivered)
 t - 5 javelins
Armour
 a - a scarf of repulsion (worn)
 d - a +0 buckler
 D - a +2 leather armour of fire resistance (worn)
 G - a +0 kite shield
Jewellery
 b - a ring of protection from fire (left hand)
 q - a +3 ring of dexterity (right hand)
Wands
 l - a wand of paralysis (9)
 s - a wand of polymorph (3)
 z - a wand of enslavement (18)
 K - a wand of disintegration (15)
Scrolls
 g - 5 scrolls of remove curse
 h - 3 scrolls of enchant weapon
 k - 2 scrolls of magic mapping
 r - a scroll of fog
 y - a scroll of torment {unknown}
 C - a scroll of enchant armour
 E - a scroll of immolation {unknown}
 F - a scroll of fear {unknown}
Potions
 e - a potion of flight
 f - 3 potions of mutation
 i - a potion of resistance
 m - 3 potions of heal wounds
 p - 3 potions of brilliance
 u - a potion of stabbing
 w - 3 potions of curing
 x - a potion of cancellation
 J - a potion of berserk rage {unknown}
Comestibles
 c - 22 rations


   Skills:
 - Level 3.9 Fighting
 * Level 15.2 Long Blades
 + Level 4.5 Dodging
 - Level 1.7 Stealth
 * Level 3.8 Shields


You had 10 spell levels left.
You didn't know any spells.
Your spell library was empty.

Dungeon Overview and Level Annotations

Branches:
Dungeon (11/15)            Temple (1/1) D:4             Orc (0/2) D:9
   Lair: D:8-11

Altars:
Ashenzari
Cheibriados
Dithmenos
Elyvilon
Fedhas
Gozag
Hepliaklqana
Kikubaaqudgha
Makhleb
Nemelex Xobeh
Okawaru
Qazlal
Ru
Sif Muna
Trog
Uskayaw
Vehumet
Wu Jian
Xom
Yredelemnul
Zin
The Shining One

Shops:
D:4 !   D:9 }

Annotations:
D:11 Niheuwk's ghost, journeyman GnWn


Innate Abilities, Weirdness & Mutations

You have a pair of large horns on your head.
You are partially covered in icy blue scales. (AC +2)
A weak demonic guardian rushes to your aid.
You are immune to rotting.


Message History

The minotaur barely misses you. The minotaur misses you.
You closely miss the minotaur.
The minotaur is moderately wounded.
The shadow imp completely misses you.
The minotaur hits you but does no damage.
The minotaur gores you.
You hit the minotaur but do no damage. Your headbutt misses the minotaur.
The minotaur is moderately wounded.
The shadow imp laughs crazily.
The shadow imp hits you. The minotaur hits you!! The minotaur gores you!
The shadow imp misses you.
Evoke which item? (* to show all) (? for menu, Esc to quit)
Aiming: Polymorph
Press: ? - help, Shift-Dir - straight line, f - minotaur
Aim: a minotaur, wearing a +0 chain mail and quivering 14 javelins (moderately wounded, chance to defeat MR: 1%)
Okay, then.
You feel yourself speed up. The minotaur hits you!!
* * * LOW HITPOINT WARNING * * *
The minotaur gores you!
You die...

#.####### #.# #.......#
#.# #
#######.##############.#
# #.#....§......##.# #
#.#(#########.##.# #
#.#(#:....#.#.##.# #
#.#(#.####..#.##.## #
##...'.#...)##.....# #
#..@5'...#.?W#.##5.#
#.##H'...#.$##.##..# ...
#.#.####..#H..... ####
#.#..# #.#.###.# #
..#########.# #.# #
#........(..# #.# ##
###.##.%..### #.# ≈#
####.# #.# ≈### ... ..#


You could see a minotaur and a shadow imp.

Vanquished Creatures
  A hydra (D:11)
  A two-headed ogre (D:10)
  Pikel (D:6)
  Joseph (D:7)
  A gargoyle (D:11)
  2 centaur skeletons
  3 trolls
  A hippogriff (D:10)
  A spriggan (D:8)
  A shadow (D:11)
  A wraith (D:10)
  8 yaks
  Eustachio (D:6)
  A steam dragon (D:9)
  A hungry ghost (D:11)
  A water moccasin (D:10)
  Duvessa (D:6)
  3 orc warriors
  A hornet zombie (D:9)
  A slave (D:5)
  2 phantoms
  4 sky beasts
  A black bear (D:10)
  An eye of draining (D:9)
  2 ice beasts
  A necrophage (D:10)
  An ogre (D:10)
  A centaur (D:9)
  A crocodile (D:10)
  A big kobold (D:10)
  6 bullfrogs
  Dowan (D:6)
  A wyvern skeleton (D:8)
  A water moccasin skeleton (D:6)
  5 scorpions
  10 wights
  2 electric eels (D:7)
  4 howler monkeys
  4 crimson imps
  A quasit (D:9)
  5 orc priests
  Crazy Yiuf (D:6)
  A bullfrog skeleton (D:8)
  7 hounds
  5 iguanas
  Ijyb (D:4)
  5 worker ants
  Natasha (twice) (D:3)
  4 orc wizards
  2 hound zombies
  3 hound skeletons
  A mummy (D:8)
  2 howler monkey zombies (D:9)
  A worker ant zombie (D:5)
  Robin (D:4)
  16 gnolls
  2 howler monkey skeletons
  8 adders
  A shadow imp (D:10)
  An ooze (D:3)
  An adder skeleton (D:6)
  3 adder zombies
  3 worms
  2 dart slugs
  A leopard gecko (D:5)
  40 orcs
  4 giant cockroaches
  15 goblins
  5 hobgoblins
  10 jackals
  11 kobolds
  5 quokkas
  8 bats
  7 frilled lizards
  7 rats
273 creatures vanquished.

Vanquished Creatures (collateral kills)
  A two-headed ogre (D:11)
  An ugly thing (D:11)
  8 yaks
  A hungry ghost (D:11)
  An ice beast (D:5)
  2 slaves (D:5)
  A centaur (D:8)
  A bullfrog (D:6)
  A hound (D:11)
  A worker ant (D:6)
  4 orcs
  A kobold (D:10)
23 creatures vanquished.

Vanquished Creatures (others)
  A slave (D:6)
  Blork the orc (D:6)
  2 orcs (D:6)
  A plant (D:7)
5 creatures vanquished.

Grand Total: 301 creatures vanquished

Notes
Turn   | Place    | Note
-------+----------+-------------------------------------------
     0 | D:1      | Aggronaut the Demonspawn Monk began the quest for the Orb.
     0 | D:1      | Reached XP level 1. HP: 18/18 MP: 1/1
    92 | D:1      | Reached skill level 3 in Long Blades
   395 | D:1      | Gained mutation: You are partially covered in icy blue
                  | scales. (AC +2) [demonic ancestry]
   395 | D:1      | Reached XP level 2. HP: 14/24 MP: 2/2
  1054 | D:1      | Reached XP level 3. HP: 16/29 MP: 3/3
  1204 | D:1      | Reached skill level 4 in Long Blades
  1910 | D:2      | Gained mutation: You are immune to rotting. [demonic
                  | ancestry]
  1910 | D:2      | Reached XP level 4. HP: 28/35 MP: 4/4
  2232 | D:3      | Found a glowing silver altar of Zin.
  2535 | D:3      | Reached skill level 5 in Long Blades
  2863 | D:3      | Noticed Natasha
  2868 | D:3      | Killed Natasha
  2868 | D:3      | Reached XP level 5. HP: 41/41 MP: 5/5
  2918 | D:3      | Found a faded altar of an unknown god.
  2955 | D:3      | Became a worshipper of Trog the Wrathful
  2955 | D:3      | Reached * piety under Trog
  2955 | D:3      | Reached ** piety under Trog
  3071 | D:3      | Reached *** piety under Trog
  3191 | D:3      | Noticed Natasha
  3197 | D:3      | Killed Natasha
  3228 | D:3      | Reached skill level 6 in Long Blades
  3363 | D:4      | Found Ugunnu Rese's Distillery.
  3378 | D:4      | Gained mutation: A weak demonic guardian rushes to your
                  | aid. [demonic ancestry]
  3378 | D:4      | Reached XP level 6. HP: 11/47 MP: 6/6
  3636 | D:4      | Bought a potion of mutation for 88 gold pieces
  3732 | D:4      | Noticed Robin
  3792 | D:4      | Killed Robin
  4202 | D:4      | Found a snail-covered altar of Cheibriados.
  4226 | D:4      | Noticed Ijyb
  4240 | D:4      | Killed Ijyb
  4341 | D:4      | Found a staircase to the Ecumenical Temple.
  4347 | Temple   | Entered the Ecumenical Temple
  4524 | D:4      | Reached **** piety under Trog
  4532 | D:4      | Reached skill level 7 in Long Blades
  4756 | D:4      | Gained mutation: You have a pair of small horns on your
                  | head. [demonic ancestry]
  4756 | D:4      | Reached XP level 7. HP: 36/52 MP: 7/7
  4881 | D:4      | Found a basalt altar of Yredelemnul.
  4924 | D:4      | Bought a potion of stabbing for 44 gold pieces
  4924 | D:4      | Bought a potion of invisibility for 88 gold pieces
  4924 | D:4      | Bought 2 potions of curing for 66 gold pieces
  4939 | D:5      | Entered Level 5 of the Dungeon
  5217 | D:5      | Reached skill level 8 in Long Blades
  5936 | D:6      | Noticed Pikel
  6275 | D:6      | Killed Pikel
  6275 | D:6      | Reached skill level 9 in Long Blades
  6275 | D:6      | Gained mutation: You have a pair of horns on your head.
                  | [demonic ancestry]
  6275 | D:6      | Reached XP level 8. HP: 42/58 MP: 8/8
  6501 | D:6      | Reached skill level 10 in Long Blades
  6556 | D:6      | Noticed Dowan
  6772 | D:6      | Noticed Duvessa
  6787 | D:6      | Killed Blork the orc
  6792 | D:6      | Killed Duvessa
  6799 | D:6      | Killed Dowan
  7016 | D:6      | Found a runed translucent door.
  7017 | D:6      | Noticed Crazy Yiuf
  7157 | D:6      | Killed Crazy Yiuf
  7318 | D:6      | Noticed Eustachio
  7330 | D:6      | Killed Eustachio
  7440 | D:6      | Reached skill level 11 in Long Blades
  7440 | D:6      | Reached XP level 9. HP: 51/63 MP: 9/9
  7769 | D:7      | Noticed Joseph
  7788 | D:7      | Killed Joseph
  8536 | D:7      | Reached skill level 12 in Long Blades
  9603 | D:8      | Reached ***** piety under Trog
  9603 | D:8      | Received a gift from Trog
  9606 | D:8      | Got a twisted triple sword {god gift}
  9607 | D:8      | Identified the +3 triple sword of Ivutolol {flame, Dex+6}
                  | (Trog gifted it to you on level 8 of the Dungeon)
  9805 | D:9      | Noticed a troll
  9809 | D:9      | Found a blossoming altar of Fedhas.
  9813 | D:9      | Killed a troll
  9813 | D:9      | Reached skill level 13 in Long Blades
  9813 | D:9      | Reached XP level 10. HP: 68/70 MP: 10/10
  9824 | D:9      | Found a shattered altar of Ashenzari.
  9831 | D:9      | Found a hazy altar of Hepliaklqana.
  9910 | D:9      | Found Ufrov's Gadget Shop.
 10091 | D:9      | Found a staircase to the Orcish Mines.
 10872 | D:10     | Entered Level 10 of the Dungeon
 10872 | D:10     | Noticed a two-headed ogre
 10882 | D:9      | Reached skill level 14 in Long Blades
 10888 | D:9      | Received a gift from Trog
 11057 | D:10     | Killed a two-headed ogre
 11198 | D:10     | Identified a scroll of acquirement
 11199 | D:10     | Identified the +3 great sword of the Six Moons {vamp,
                  | +Blink rF- rC+ Str+3} (You acquired it on level 10 of the
                  | Dungeon)
 11635 | D:10     | Found a basalt altar of Yredelemnul.
 11728 | D:10     | Gained mutation: You have a pair of large horns on your
                  | head. [demonic ancestry]
 11728 | D:10     | Reached XP level 11. HP: 75/76 MP: 11/11
 11901 | D:10     | Reached skill level 1 in Shields
 12430 | D:11     | Noticed a two-headed ogre
 12442 | D:11     | Killed a two-headed ogre
 12450 | D:11     | Reached skill level 15 in Long Blades
 12621 | D:11     | Noticed a four-headed hydra
 12635 | D:11     | Killed a one-headed hydra
 13030 | D:11     | Found a runed translucent gate.
 13031 | D:11     | Found a runed translucent gate.
 13031 | D:11     | Found a runed translucent gate.
 13032 | D:11     | Noticed a green ugly thing
 13033 | D:11     | Noticed a minotaur
 13033 | D:11     | Noticed Niheuwk's ghost (journeyman GnWn)
 13483 | D:11     | Noticed a sea snake
 13563 | D:11     | Killed a green ugly thing
 13574 | D:11     | HP: 2/76 [minotaur (17)]
 14015 | D:11     | Noticed a sea snake
 14015 | D:11     | Noticed a sea snake
 14138 | D:11     | Slain by a minotaur

Levels and vault maps discovered:
D:1:      tarquinn_simple_flora_water_b, layout_basic, grunt_decor_clamped
D:2:      layout_loops_ring
D:3:      layout_basic, lemuel_crystal_altar, chequers_ecumenical_altar_simple,
          first_ration, uniq_natasha
D:4:      layout_rooms, kennysheep_slug_shrine, lemuel_coloured_pillars_altar,
          temple_green, serial_shops, shop, uniq_ijyb, uniq_robin
D:5:      layout_basic, minmay_misc_feat_rugged
D:6:      layout_cave_pools, serial_column_ruins, column_ruins_pillar_3,
          column_ruins_pillar_2, column_ruins_pillar_3, column_ruins_pillar_7,
          column_ruins_pillar_3, column_ruins_pillar_10, column_ruins_pillar_7,
          column_ruins_pillar_1, column_ruins_pillar_8, column_ruins_pillar_6,
          column_ruins_pillar_4, uniq_eustachio, uniq_duvessa, uniq_pikel,
          uniq_crazy_yiuf_cottage, uniq_blork_the_orc
D:7:      layout_layer_cave, serial_bayou_ford_a, minivault_4, uniq_joseph
D:8:      layout_rooms, serial_undead, serial_undead_e, serial_undead_f,
          serial_undead_e, serial_undead_a, the_bakery, lemuel_flamethrower_1
D:9:      layout_roguey, minmay_overflow_temple_star_quad, david_orc_2,
          serial_shops, nicolae_shop_behind_doors, chequers_serial_rivers_marsh
D:10:     layout_rooms, basic_altar
D:11:     layout_loops_ring, lair_entry_dummy, serial_aquarium,
          aquarium_bridge_island_large [aquarium_subvault_large_water,
          aquarium_subvault_wall, aquarium_subvault_bridge,
          aquarium_subvault_window, aquarium_subvault_window],
          aquarium_window_2, aquarium_window_corner, aquarium_view_2f,
          aquarium_balcony_double_1, maelrawn_ghost_gauntlet_escape
Temple:   regret_index_temple_sphere_string

Skill      XL: |  1  2  3  4  5  6  7  8  9 10 11 |
---------------+----------------------------------+-----
Long Blades    | 3 4 5 6 7 9 11 13 14 15 | 15.2
Dodging        | 3 4 |  4.5
Shields        | 3 |  3.8
Fighting       | |  3.9
Stealth        | |  1.7

Action                   |  1- 3 |  4- 6 |  7- 9 | 10-12 || total
-------------------------+-------+-------+-------+-------++-------
Melee: Falchion          |    84 |   260 |   167 |       ||   511
       Headbutt          |       |       |    94 |    75 ||   169
       Long sword        |       |       |   185 |       ||   185
       Triple sword      |       |       |     6 |   230 ||   236
Throw: Throwing net      |       |       |     1 |       ||     1
Invok: Berserk           |       |     1 |     6 |     3 ||    10
       Trog's Hand       |       |       |       |     2 ||     2
       Brothers in Arms  |       |       |       |     4 ||     4
Evoke: Wand              |       |       |       |     4 ||     4
  Use: Scroll            |     4 |     1 |    10 |     7 ||    22
       Potion            |     2 |     1 |     1 |     3 ||     7
 Stab: Sleeping          |     4 |     2 |     5 |     3 ||    14
       Distracted        |     1 |       |     3 |     3 ||     7
  Eat: Chunk             |     3 |     6 |    16 |    14 ||    39
       Ration            |       |     1 |     2 |     2 ||     5
Armor: Leather armour    |    27 |    72 |    75 |    59 ||   233
Dodge: Dodged            |    64 |   178 |   168 |   143 ||   553
       Deflected         |       |       |       |     2 ||     2
       Rpst.: Falchion   |    20 |    64 |    26 |       ||   110
       Long sword        |       |       |    26 |       ||    26
       Triple sword      |       |       |       |    36 ||    36

Table legend:
 A = Non-vault XP
 B = Vault XP
 C = Vault XP percentage of total XP
 D = Non-vault monster count
 E = Vault monster count
 F = Vault count percentage of total count
                 A         B        C        D         E       F
            +---------+---------+-------+---------+---------+-------
      Total |   14106 |    2535 |  15.2 |     258 |      35 |  11.9
            +---------+---------+-------+---------+---------+-------
        D:1 |      59 |       0 |   0.0 |      12 |       0 |   0.0
        D:2 |      60 |       0 |   0.0 |      21 |       0 |   0.0
        D:3 |     180 |      35 |  16.3 |      29 |       1 |   3.3
        D:4 |     362 |      77 |  17.5 |      21 |      15 |  41.7
        D:5 |     339 |       0 |   0.0 |      13 |       0 |   0.0
        D:6 |     754 |     999 |  57.0 |      24 |       5 |  17.2
        D:7 |     893 |     433 |  32.7 |      16 |       1 |   5.9
        D:8 |     804 |     321 |  28.5 |      18 |       3 |  14.3
        D:9 |    2636 |     157 |   5.6 |      40 |       8 |  16.7
       D:10 |    4553 |       0 |   0.0 |      43 |       0 |   0.0
       D:11 |    3466 |     513 |  12.9 |      21 |       2 |   8.7
            +---------+---------+-------+---------+---------+-------
